 Dungeon Crawl Stone Soup version 0.30-a0-364-gf6b3ef1049 (webtiles) character file.

Game seed: 13283118396228476776

334 Lobster4 the Digger (level 6, -1/57 HPs)
             Began as a Troll Earth Elementalist on Nov 14, 2022.
             Was a Follower of Uskayaw.
             Slain by a jelly (2 damage)
             ... on level 4 of the Dungeon.
             The game lasted 00:08:39 (2403 turns).

Lobster4 the Digger (Troll Earth Elementalist)      Turns: 2403, Time: 00:08:40

Health: -1/57      AC: -3    Str: 17    XL:     6   Next: 27%
Magic:  8/8        EV: 10    Int: 13    God:    Uskayaw [*.....]
Gold:   208        SH:  0    Dex: 10    Spells: 6/9 levels left

rFire   . . .      SeeInvis .      - Unarmed
rCold   . . .      Faith    .    (no shield)
rNeg    . . .      Spirit   .    a - +0 robe
rPois   .          Reflect  .    (helmet restricted)
rElec   .          Harm     .    (no cloak)
rCorr   .          Rampage  .    (gloves unavailable)
Will    .....                    (boots unavailable)
Stlth   +.........               g - amulet of regeneration
HPRegen 1.89/turn                (no ring)
MPRegen 0.11/turn                (no ring)

@: about to teleport, corroded
A: large, unfitting armour, claws 3, regeneration 1, shaggy fur 1, tough skin 1
a: Renounce Religion, Stomp


You were on level 4 of the Dungeon.
You worshipped Uskayaw.
Uskayaw was noncommittal.
You visited 1 branch of the dungeon, and saw 4 of its levels.

You collected 208 gold pieces.

Inventory:

Hand Weapons
 b - a +0 sling
 m - a +0 mace
Missiles
 j - a throwing net
 r - 4 curare-tipped darts
 u - 6 poisoned darts
 v - 9 stones
Armour
 a - a +0 robe (worn)
Jewellery
 g - an amulet of regeneration (around neck)
Wands
 w - a wand of flame (18)
Scrolls
 e - a scroll of brand weapon {unknown}
 h - a scroll of amnesia
 k - a scroll of enchant armour {unknown}
 l - a scroll of magic mapping {unknown}
 p - a scroll of blinking {unknown}
 q - a scroll of identify {unknown}
Potions
 c - a potion of berserk rage {unknown}
 d - a potion of magic
 f - a potion of flight {unknown}
 i - a potion of invisibility {unknown}
 n - a potion of mutation {unknown}
 s - a potion of resistance {unknown}
 t - a potion of haste {unknown}
 x - a potion of degeneration {unknown}
 z - a potion of brilliance {unknown}
 A - a potion of curing {unknown}


   Skills:
 + Level 1.8 Fighting
 + Level 1.3 Maces & Flails
 + Level 0.5 Throwing
 + Level 1.6 Armour
 + Level 2.3 Dodging
 - Level 1.0 Stealth
 + Level 2.0 Unarmed Combat
 + Level 2.0 Spellcasting
 - Level 1.0 Transmutations
 + Level 3.5 Earth Magic


You had 6 spell levels left.
You knew the following spells:

 Your Spells              Type           Power      Damage    Failure   Level
a - Sandblast             Erth           20%        2d7       6%          1
b - Passwall              Tmut/Erth      5%         N/A       16%         2

Your spell library contained the following spells:

 Spells                   Type           Power      Damage    Failure   Level
 Shock                    Conj/Air       4%         1d3       26%         1
 Stone Arrow              Conj/Erth      10%        3d7       36%         3
 Summon Guardian Golem    Hex/Summ       1%         N/A       58%         3
 Swiftness                Air            1%         N/A       58%         3
 Petrify                  Tmut/Erth      7%         N/A       69%         4
 Airstrike                Air            0%         2d(1-17)  94%         4
 Orb of Destruction       Conj           0%         9d5       100%        7
 Spellforged Servitor     Conj/Summ      0%         N/A       100%        7


Dungeon Overview and Level Annotations

Branches:
Dungeon (4/15)
 Temple: D:4-7

Altars:
Gozag
Uskayaw

Shops:
D:1 :


Innate Abilities, Weirdness & Mutations

You are too large for most types of armour.
You have claws for hands.
Your natural rate of healing is unusually fast.
You are covered in fur. (AC +1)
You have tough skin. (AC +1)


Message History

You see here 13 gold pieces.
A kobold comes into view. It is wielding a +0 short sword.
The jelly quivers.
You see here 5 stones.
The jelly hits you. The acid corrodes you!
You are splashed with acid!
You scratch the jelly.
Your claws burn!
The jelly is lightly wounded.
The jelly hits you.
You are splashed with acid.
You completely miss the jelly.
The jelly is lightly wounded.
The kobold shouts!
The jelly barely misses you.
You scratch the jelly.
Your claws burn!
The jelly is moderately wounded.
The jelly closely misses you.
You scratch the jelly.
Your claws burn!
The jelly is severely wounded.
The jelly hits you. The acid corrodes you!
You are splashed with acid.
You can now stomp with the beat.
You scratch the jelly.
Your claws burn!
The jelly is almost dead.
The jelly hits you.
You are splashed with acid!
* * * LOW HITPOINT WARNING * * *
You are too injured to fight recklessly!
You are too injured to fight recklessly!
You scratch the jelly but do no damage.
Your claws burn!
* * * LOW HITPOINT WARNING * * *
The jelly is almost dead.
The jelly hits you.
* * * LOW HITPOINT WARNING * * *
You are splashed with acid!
* * * LOW HITPOINT WARNING * * *
As you read the scroll of teleportation, it crumbles to dust.
You feel strangely unstable. The jelly hits you.
* * * LOW HITPOINT WARNING * * *
You are splashed with acid.
* * * LOW HITPOINT WARNING * * *
The kobold barely misses you. The jelly attacks as you move away!
The jelly hits you.
You die...

#.........))..._.... #
#.....##)..#...### #...
#...##.## # ## #......#
# #......# # ####
####......# #...
..###.#..# ..##..K###
#.# #.#.###..
#.....J@(###.###.......#
#...........$......#####
.........###.#######
#.##...### #.# # #...
..# #### ####


You could see a jelly and a kobold.

Vanquished Creatures
  2 orc priests (D:3)
  Natasha (thrice) (D:3)
  An orc wizard (D:3)
  7 adders
  2 worms
  3 dart slugs
  7 orcs
  9 bats
  4 endoplasms
  12 giant cockroaches
  5 goblins
  6 hobgoblins
  13 jackals
  A quokka (D:2)
  5 ball pythons
  3 frilled lizards
  4 kobolds
  10 rats
97 creatures vanquished.

Vanquished Creatures (others)
  A plant (D:3)
1 creature vanquished.

Grand Total: 98 creatures vanquished

Notes
Turn   | Place    | Note
-------+----------+-------------------------------------------
     0 | D:1      | Lobster4 the Troll Earth Elementalist began the quest for
                  | the Orb.
     0 | D:1      | Reached XP level 1. HP: 16/16 MP: 1/1
    82 | D:1      | Reached XP level 2. HP: 24/24 MP: 3/3
   318 | D:1      | Found Oshopp's Book Shoppe.
   484 | D:1      | Reached XP level 3. HP: 30/32 MP: 4/4
   681 | D:1      | Learned a level 2 spell: Passwall
   747 | D:2      | Reached skill level 3 in Earth Magic
   899 | D:2      | Reached skill level 1 in Fighting
  1019 | D:2      | Reached skill level 1 in Unarmed Combat
  1019 | D:2      | Reached skill level 1 in Transmutations
  1218 | D:2      | Reached XP level 4. HP: 32/41 MP: 2/5
  1528 | D:3      | Reached skill level 1 in Armour
  1576 | D:3      | Reached XP level 5. HP: 34/48 MP: 0/6
  1598 | D:3      | Reached skill level 1 in Maces & Flails
  1827 | D:3      | Noticed Natasha
  1858 | D:3      | Found an opulent altar of Gozag.
  1866 | D:3      | Killed Natasha
  2140 | D:3      | Noticed Natasha
  2147 | D:3      | Killed Natasha
  2148 | D:3      | Reached XP level 6. HP: 49/57 MP: 7/7
  2195 | D:3      | Found an opulent altar of Gozag.
  2220 | D:3      | Noticed Natasha
  2226 | D:3      | Killed Natasha
  2337 | D:4      | Found a hide-covered altar of Uskayaw.
  2375 | D:4      | Became a worshipper of Uskayaw the Reveller
  2399 | D:4      | Reached * piety under Uskayaw
  2402 | D:4      | HP: 1/57 [acid (5)]
  2403 | D:4      | Slain by a jelly

Illustrated notes

Levels and vault maps discovered:
D:1:      evilmike_arrival_hilbert_curve, layout_rooms, serial_shops, shop
D:2:      layout_basic
D:3:      minmay_roachtagon, layout_basic, mainiacjoe_overflow_chevrons,
          hangedman_decor_points, serial_bayou_ford_a, uniq_natasha
D:4:      layout_loops_cross, nicolae_overflow_crystal_walls,
          minmay_temple_entry_antechambers, uniq_edmund

Skill      XL: |  1  2  3  4  5  6 |
---------------+-------------------+-----
Earth Magic    | 3 |  3.5
Fighting       | 1 |  1.8
Unarmed Combat | 1 2 |  2.0
Transmutations | 1 |  1.0
Armour         | 1 |  1.6
Dodging        | 2 |  2.3
Maces & Flails | 1 |  1.3
Spellcasting   | 2 |  2.0
Throwing       | |  0.5
Stealth        | |  1.0

Action                   |  1- 3 |  4- 6 || total
-------------------------+-------+-------++-------
Melee: Unarmed           |   128 |   156 ||   284
       Punch             |       |     3 ||     3
Throw: Dart              |       |     6 ||     6
 Cast: Sandblast         |    10 |     8 ||    18
  Use: Scroll            |       |     3 ||     3
 Stab: Sleeping          |     2 |     3 ||     5
Armor: Robe              |    51 |    74 ||   125
Dodge: Dodged            |    67 |    93 ||   160

Table legend: (Time is in decaauts)
 A = Elapsed time spent in this place.
 B = Non-inter-level travel time spent in this place.
 C = Inter-level travel time spent in this place.
 D = Time resting spent in this place.
 E = Time spent auto-exploring this place.
 F = Levels seen in this place.
 G = Mean time per level.
                   A        B        C        D        E       F      G
               +--------+--------+--------+--------+--------+-----+--------+
         Total |   2417 |   2363 |     54 |      0 |   1625 |   4 |  604.2 |
       Dungeon |   2417 |   2363 |     54 |      0 |   1625 |   4 |  604.2 |
               +--------+--------+--------+--------+--------+-----+--------+

Top non-repeatable levels by time:
     D:2: 820 daAuts
     D:3: 758 daAuts
     D:1: 680 daAuts
     D:4: 159 daAuts
